3001 views
Uploaded 2019-12-01 21:13:34
Game version 1.32.0.3 / 1.32.0.3.1
29:02 long 3on3 ladder game on (6)RollingHills
Saved by BEARAND
3001 views
Uploaded 2019-12-01 21:13:34
Game version 1.32.0.3 / 1.32.0.3.1
29:02 long 3on3 ladder game on (6)RollingHills


61 units @ 5.9k
/ 0.2k
170 buildings @ 8.6k
/ 4.4k



x1)
| Staff of Sanctuary | 3 | 750 |
| Orb of Fire | 3 | 975 |
| Staff of Teleportation | 3 | 450 |
| Boots of Speed | 3 | 750 |
| Periapt of Vitality | 3 | 975 |
| Tome of Retraining | 1 | 300 |
| total: | 16 | 4200g |
| Peasant | 18 | 1350 | / | 0 |
| Priest | 1 | 135 | / | 10 |
| total: | 19 | 1485g | / | 10w |
| Scout Tower | 77 | 2310 | / | 1540 |
| Arcane Tower | 8 | 560 | / | 400 |
| Guard Tower | 29 | 2030 | / | 1450 |
| Altar of Kings | 1 | 180 | / | 50 |
| Farm | 3 | 240 | / | 60 |
| Lumber Mill | 1 | 120 | / | 0 |
| Town Hall | 1 | 385 | / | 205 |
| Arcane Vault | 3 | 390 | / | 90 |
| Arcane Sanctum | 1 | 150 | / | 140 |
| Keep | 1 | 320 | / | 210 |
| Castle | 1 | 360 | / | 210 |
| total: | 87 | 3775g | / | 2085w |
| 0:03 | Peasant |
| 0:03 | Peasant |
| 0:05 | Altar of Kings |
| 0:08 | Farm |
| 0:20 | Peasant |
| 0:33 | Peasant |
| 0:49 | Lumber Mill |
| 0:51 | Peasant |
| 1:22 | Scout Tower |
| 1:25 | Farm |
| 1:28 | Peasant |
| 1:28 | Peasant |
| 1:28 | Peasant |
| 1:51 | Arcane Tower |
| 1:52 | Scout Tower |
| 1:57 | Peasant |
| 1:57 | Peasant |
| 2:04 | Peasant |
| 2:07 | Scout Tower |
| 2:11 | Scout Tower |
| 2:20 | Summon Water Elemental |
| 2:28 | Peasant |
| 2:39 | Guard Tower |
| 2:40 | Guard Tower |
| 2:42 | Scout Tower |
| 2:43 | Scout Tower |
| 2:54 | Guard Tower |
| 3:09 | Scout Tower |
| 3:10 | Scout Tower |
| 3:11 | Scout Tower |
| 3:12 | Guard Tower |
| 3:13 | Guard Tower |
| 3:15 | Peasant |
| 3:15 | Peasant |
| 3:45 | Keep |
| 4:01 | Guard Tower |
| 4:12 | Scout Tower |
| 4:12 | Scout Tower |
| 4:20 | Guard Tower |
| 4:28 | Staff of Teleportation |
| 4:29 | Boots of Speed |
| 4:40 | Town Hall |
| 4:41 | Scout Tower |
| 4:42 | Scout Tower |
| 4:44 | Guard Tower |
| 4:52 | Improved Masonry |
| 5:00 | Brilliance Aura |
| 5:04 | Farm |
| 5:11 | Arcane Tower |
| 5:56 | Guard Tower |
| 5:58 | Scout Tower |
| 5:58 | Scout Tower |
| 5:59 | Peasant |
| 5:59 | Peasant |
| 6:25 | Castle |
| 6:29 | Guard Tower |
| 6:53 | Arcane Sanctum |
| 7:07 | Advanced Masonry |
| 7:11 | Scout Tower |
| 7:12 | Scout Tower |
| 7:18 | Peasant |
| 7:18 | Peasant |
| 7:24 | Storm Bolt |
| 7:30 | Scout Tower |
| 7:31 | Scout Tower |
| 7:32 | Scout Tower |
| 7:32 | Scout Tower |
| 7:43 | Guard Tower |
| 7:45 | Scout Tower |
| 7:46 | Scout Tower |
| 7:47 | Staff of Teleportation |
| 7:48 | Boots of Speed |
| 7:59 | Periapt of Vitality |
| 8:04 | Arcane Vault |
| 8:05 | Arcane Vault |
| 8:06 | Arcane Vault |
| 8:11 | Guard Tower |
| 8:17 | Magic Sentry |
| 8:53 | Imbued Masonry |
| 9:05 | Guard Tower |
| 9:06 | Guard Tower |
| 9:09 | Scout Tower |
| 9:10 | Scout Tower |
| 9:10 | Scout Tower |
| 9:11 | Scout Tower |
| 9:29 | Scout Tower |
| 9:30 | Scout Tower |
| 9:32 | Scout Tower |
| 9:32 | Scout Tower |
| 9:34 | Scout Tower |
| 9:35 | Scout Tower |
| 9:35 | Scout Tower |
| 9:37 | Scout Tower |
| 9:46 | Holy Light |
| 10:26 | Scout Tower |
| 10:27 | Scout Tower |
| 10:27 | Scout Tower |
| 10:28 | Scout Tower |
| 10:28 | Scout Tower |
| 10:28 | Scout Tower |
| 10:29 | Scout Tower |
| 10:29 | Scout Tower |
| 10:46 | Staff of Sanctuary |
| 10:47 | Orb of Fire |
| 11:00 | Guard Tower |
| 11:06 | Staff of Sanctuary |
| 11:06 | Orb of Fire |
| 11:14 | Tome of Retraining |
| 11:14 | Retrain Hero |
| 11:16 | Staff of Teleportation |
| 11:19 | Brilliance Aura |
| 11:19 | Blizzard |
| 11:26 | Boots of Speed |
| 11:38 | Guard Tower |
| 12:30 | Scout Tower |
| 12:30 | Scout Tower |
| 12:31 | Scout Tower |
| 12:32 | Scout Tower |
| 12:32 | Scout Tower |
| 12:33 | Scout Tower |
| 12:37 | Scout Tower |
| 12:37 | Scout Tower |
| 12:38 | Scout Tower |
| 12:39 | Scout Tower |
| 12:39 | Scout Tower |
| 12:42 | Scout Tower |
| 12:43 | Scout Tower |
| 12:44 | Scout Tower |
| 12:44 | Scout Tower |
| 12:45 | Scout Tower |
| 12:45 | Scout Tower |
| 12:46 | Scout Tower |
| 12:46 | Scout Tower |
| 12:49 | Scout Tower |
| 12:49 | Scout Tower |
| 12:50 | Scout Tower |
| 12:51 | Scout Tower |
| 12:52 | Scout Tower |
| 13:12 | Guard Tower |
| 13:15 | Staff of Sanctuary |
| 13:17 | Orb of Fire |
| 13:20 | Guard Tower |
| 13:24 | Guard Tower |
| 13:27 | Scout Tower |
| 13:28 | Scout Tower |
| 13:28 | Scout Tower |
| 13:29 | Scout Tower |
| 13:30 | Scout Tower |
| 13:31 | Scout Tower |
| 13:39 | Arcane Tower |
| 13:42 | Guard Tower |
| 13:45 | Arcane Tower |
| 13:47 | Arcane Tower |
| 13:56 | Blizzard |
| 14:17 | Bash |
| 14:50 | Guard Tower |
| 14:53 | Priest |
| 14:54 | Priest Adept Training |
| 14:59 | Guard Tower |
| 15:04 | Arcane Tower |
| 15:18 | Periapt of Vitality |
| 15:22 | Guard Tower |
| 15:35 | Guard Tower |
| 15:56 | Guard Tower |
| 16:30 | Divine Shield |
| 16:44 | Guard Tower |
| 16:45 | Scout Tower |
| 16:46 | Scout Tower |
| 16:46 | Scout Tower |
| 16:47 | Scout Tower |
| 17:31 | Guard Tower |
| 17:35 | Priest Master Training |
| 17:48 | Arcane Tower |
| 17:54 | Guard Tower |
| 18:06 | Guard Tower |
| 20:30 | Storm Bolt |
| 20:32 | Brilliance Aura |
| 20:47 | Storm Bolt |
| 21:24 | Periapt of Vitality |
| 21:44 | Arcane Tower |
| 25:11 | Holy Light |
| Right click | 1947 |
| Select group | 1861 |
| Chat | 273 |
| Select | 260 |
| Build/train/purchase | 141 |
| Use ability | 140 |
| Misc. action | 64 |
| Resource trade | 36 |
| Minimap ping | 34 |
| Assign group | 15 |
| Item give/drop | 6 |
| Esc | 1 |



x1)
| Staff of Sanctuary | 3 | 750 |
| Orb of Fire | 3 | 975 |
| Boots of Speed | 3 | 750 |
| Staff of Teleportation | 4 | 600 |
| Tome of Retraining | 1 | 300 |
| Orb of Corruption | 1 | 375 |
| total: | 15 | 3750g |
| Peasant | 10 | 750 | / | 0 |
| Priest | 1 | 135 | / | 10 |
| total: | 11 | 885g | / | 10w |
| Scout Tower | 61 | 1830 | / | 1220 |
| Guard Tower | 29 | 2030 | / | 1450 |
| Arcane Tower | 5 | 350 | / | 250 |
| Altar of Kings | 1 | 180 | / | 50 |
| Farm | 4 | 320 | / | 80 |
| Lumber Mill | 1 | 120 | / | 0 |
| Arcane Vault | 2 | 260 | / | 60 |
| Arcane Sanctum | 1 | 150 | / | 140 |
| Keep | 1 | 320 | / | 210 |
| Castle | 1 | 360 | / | 210 |
| total: | 70 | 2860g | / | 1550w |
| 0:10 | Altar of Kings |
| 0:19 | Peasant |
| 0:19 | Peasant |
| 0:36 | Farm |
| 0:48 | Peasant |
| 0:56 | Lumber Mill |
| 0:58 | Peasant |
| 1:05 | Peasant |
| 1:18 | Peasant |
| 1:22 | Farm |
| 1:23 | Peasant |
| 1:52 | Peasant |
| 2:04 | Scout Tower |
| 2:09 | Scout Tower |
| 2:10 | Summon Water Elemental |
| 2:37 | Guard Tower |
| 2:38 | Scout Tower |
| 2:40 | Peasant |
| 2:40 | Peasant |
| 2:43 | Arcane Tower |
| 2:44 | Scout Tower |
| 3:20 | Guard Tower |
| 3:20 | Guard Tower |
| 3:21 | Scout Tower |
| 3:23 | Scout Tower |
| 3:48 | Guard Tower |
| 3:51 | Scout Tower |
| 4:10 | Guard Tower |
| 4:13 | Scout Tower |
| 4:14 | Scout Tower |
| 4:21 | Guard Tower |
| 4:23 | Keep |
| 4:25 | Farm |
| 4:26 | Farm |
| 4:27 | Scout Tower |
| 4:28 | Scout Tower |
| 4:28 | Scout Tower |
| 4:29 | Scout Tower |
| 4:29 | Scout Tower |
| 4:29 | Scout Tower |
| 4:30 | Scout Tower |
| 4:30 | Scout Tower |
| 5:02 | Guard Tower |
| 5:04 | Scout Tower |
| 5:05 | Guard Tower |
| 5:16 | Brilliance Aura |
| 5:22 | Scout Tower |
| 6:12 | Guard Tower |
| 6:13 | Scout Tower |
| 6:15 | Scout Tower |
| 6:15 | Scout Tower |
| 6:16 | Scout Tower |
| 6:16 | Guard Tower |
| 6:29 | Guard Tower |
| 6:40 | Guard Tower |
| 6:42 | Scout Tower |
| 6:43 | Scout Tower |
| 6:44 | Scout Tower |
| 7:23 | Guard Tower |
| 7:32 | Guard Tower |
| 7:35 | Arcane Vault |
| 7:37 | Guard Tower |
| 7:38 | Guard Tower |
| 7:45 | Improved Masonry |
| 7:46 | Improved Lumber Harvesting |
| 7:54 | Arcane Vault |
| 8:08 | Scout Tower |
| 8:09 | Scout Tower |
| 8:10 | Scout Tower |
| 8:32 | Guard Tower |
| 8:36 | Arcane Sanctum |
| 8:47 | Storm Bolt |
| 9:09 | Guard Tower |
| 9:34 | Guard Tower |
| 9:35 | Guard Tower |
| 10:06 | Castle |
| 10:25 | Magic Sentry |
| 10:25 | Priest |
| 10:28 | Arcane Tower |
| 10:29 | Arcane Tower |
| 11:08 | Scout Tower |
| 11:09 | Scout Tower |
| 11:11 | Scout Tower |
| 11:14 | Orb of Corruption |
| 11:20 | Staff of Sanctuary |
| 11:23 | Orb of Fire |
| 11:23 | Orb of Fire |
| 11:27 | Boots of Speed |
| 11:44 | Guard Tower |
| 11:47 | Advanced Masonry |
| 11:48 | Priest Adept Training |
| 11:53 | Scout Tower |
| 11:55 | Scout Tower |
| 12:28 | Brilliance Aura |
| 12:44 | Guard Tower |
| 12:51 | Guard Tower |
| 13:05 | Arcane Tower |
| 13:07 | Scout Tower |
| 13:08 | Scout Tower |
| 13:20 | Imbued Masonry |
| 13:37 | Scout Tower |
| 13:38 | Scout Tower |
| 13:39 | Scout Tower |
| 13:40 | Scout Tower |
| 13:41 | Scout Tower |
| 13:42 | Scout Tower |
| 13:42 | Scout Tower |
| 13:43 | Scout Tower |
| 13:44 | Scout Tower |
| 13:45 | Scout Tower |
| 14:16 | Bash |
| 14:23 | Arcane Tower |
| 14:36 | Guard Tower |
| 14:54 | Guard Tower |
| 15:01 | Boots of Speed |
| 15:01 | Staff of Teleportation |
| 15:14 | Staff of Sanctuary |
| 15:23 | Holy Light |
| 15:42 | Tome of Retraining |
| 15:42 | Retrain Hero |
| 15:44 | Blizzard |
| 15:45 | Brilliance Aura |
| 15:45 | Blizzard |
| 16:58 | Guard Tower |
| 17:01 | Scout Tower |
| 17:02 | Scout Tower |
| 17:03 | Scout Tower |
| 17:03 | Scout Tower |
| 17:04 | Scout Tower |
| 17:04 | Scout Tower |
| 17:04 | Scout Tower |
| 17:05 | Scout Tower |
| 17:06 | Scout Tower |
| 17:06 | Scout Tower |
| 17:07 | Scout Tower |
| 17:07 | Scout Tower |
| 17:08 | Scout Tower |
| 17:08 | Scout Tower |
| 17:09 | Scout Tower |
| 17:45 | Staff of Sanctuary |
| 17:49 | Staff of Teleportation |
| 17:49 | Staff of Teleportation |
| 18:07 | Boots of Speed |
| 18:10 | Orb of Fire |
| 19:07 | Guard Tower |
| 19:15 | Guard Tower |
| 21:14 | Guard Tower |
| 21:25 | Staff of Teleportation |
| 24:58 | Divine Shield |
| 25:10 | Storm Bolt |
| 27:28 | Brilliance Aura |
| Right click | 1906 |
| Select | 442 |
| Chat | 436 |
| Select group | 401 |
| Build/train/purchase | 198 |
| Use ability | 68 |
| Assign group | 24 |
| Misc. action | 6 |
| Minimap ping | 5 |


| Orb of Corruption | 2 | 750 |
| Boots of Speed | 2 | 500 |
| Staff of Teleportation | 1 | 150 |
| Circlet of Nobility | 3 | 525 |
| Staff of Sanctuary | 2 | 500 |
| total: | 10 | 2425g |
| Acolyte | 13 | 975 | / | 0 |
| Ghoul | 13 | 1560 | / | 0 |
| Obsidian Statue | 5 | 1000 | / | 175 |
| total: | 31 | 3535g | / | 175w |
| Nerubian Tower | 1 | 100 | / | 20 |
| Spirit Tower | 1 | 145 | / | 40 |
| Crypt | 1 | 200 | / | 50 |
| Altar of Darkness | 2 | 360 | / | 100 |
| Ziggurat | 5 | 750 | / | 250 |
| Graveyard | 1 | 215 | / | 0 |
| Tomb of Relics | 2 | 260 | / | 60 |
| Slaughterhouse | 1 | 140 | / | 135 |
| Sacrificial Pit | 1 | 75 | / | 150 |
| Halls of the Dead | 1 | 320 | / | 210 |
| Black Citadel | 2 | 650 | / | 460 |
| total: | 13 | 2000g | / | 745w |
| 0:02 | Acolyte |
| 0:06 | Crypt |
| 0:08 | Acolyte |
| 0:12 | Altar of Darkness |
| 0:25 | Acolyte |
| 0:40 | Altar of Darkness |
| 1:08 | Ziggurat |
| 1:10 | Ghoul |
| 1:21 | Ghoul |
| 1:29 | Ghoul |
| 1:31 | Cannibalize |
| 1:41 | Graveyard |
| 2:01 | Ghoul |
| 2:06 | Ghoul |
| 2:31 | Tomb of Relics |
| 2:42 | Ghoul |
| 2:57 | Death Coil |
| 3:23 | Ziggurat |
| 4:18 | Acolyte |
| 4:21 | Ghoul |
| 4:21 | Ghoul |
| 5:01 | Ghoul |
| 5:13 | Ghoul |
| 5:24 | Ghoul |
| 5:40 | Halls of the Dead |
| 6:10 | Ziggurat |
| 6:13 | Ziggurat |
| 6:29 | Nerubian Tower |
| 6:31 | Ghoul |
| 6:58 | Unholy Aura |
| 7:01 | Boots of Speed |
| 7:05 | Staff of Teleportation |
| 7:52 | Ghoul |
| 8:33 | Black Citadel |
| 9:23 | Frost Nova |
| 9:29 | Slaughterhouse |
| 9:30 | Ziggurat |
| 9:47 | Tomb of Relics |
| 10:11 | Boots of Speed |
| 10:12 | Circlet of Nobility |
| 10:41 | Obsidian Statue |
| 11:40 | Obsidian Statue |
| 11:57 | Obsidian Statue |
| 12:14 | Spirit Tower |
| 12:46 | Sacrificial Pit |
| 12:48 | Obsidian Statue |
| 13:13 | Orb of Corruption |
| 13:43 | Acolyte |
| 13:56 | Staff of Sanctuary |
| 14:28 | Death Coil |
| 15:07 | Obsidian Statue |
| 15:52 | Orb of Corruption |
| 16:12 | Staff of Sanctuary |
| 16:41 | Dark Ritual |
| 17:38 | Acolyte |
| 18:06 | Circlet of Nobility |
| 19:11 | Acolyte |
| 19:11 | Acolyte |
| 22:05 | Circlet of Nobility |
| 25:06 | Frost Nova |
| 26:56 | Acolyte |
| 26:57 | Acolyte |
| 28:24 | Unholy Aura |
| 28:50 | Acolyte |
| 28:50 | Acolyte |
| 28:51 | Acolyte |
| Right click | 2284 |
| Select group | 1088 |
| Assign group | 305 |
| Select | 249 |
| Resource trade | 216 |
| Build/train/purchase | 92 |
| Use ability | 71 |
| Misc. action | 46 |
| Chat | 28 |
| Remove unit | 5 |
| Item give/drop | 2 |
| Minimap ping | 1 |
124 units @ 22k
/ 4.2k
47 buildings @ 7.6k
/ 3.4k


| Boots of Speed | 1 | 250 |
| total: | 1 | 250g |
| Acolyte | 18 | 1350 | / | 0 |
| Ghoul | 6 | 720 | / | 0 |
| Crypt Fiend | 7 | 1505 | / | 280 |
| Meat Wagon | 6 | 1380 | / | 300 |
| Obsidian Statue | 2 | 400 | / | 70 |
| Frost Wyrm | 7 | 2695 | / | 840 |
| total: | 46 | 8050g | / | 1490w |
| Altar of Darkness | 1 | 180 | / | 50 |
| Ziggurat | 7 | 1050 | / | 350 |
| Crypt | 1 | 200 | / | 50 |
| Graveyard | 1 | 215 | / | 0 |
| Tomb of Relics | 1 | 130 | / | 30 |
| Necropolis | 1 | 225 | / | 0 |
| Slaughterhouse | 1 | 140 | / | 135 |
| Temple of the Damned | 1 | 155 | / | 140 |
| Sacrificial Pit | 1 | 75 | / | 150 |
| Boneyard | 2 | 350 | / | 400 |
| Halls of the Dead | 1 | 320 | / | 210 |
| Black Citadel | 1 | 325 | / | 230 |
| total: | 17 | 2720g | / | 1305w |
| 0:05 | Acolyte |
| 0:12 | Altar of Darkness |
| 0:18 | Ziggurat |
| 0:25 | Crypt |
| 0:35 | Acolyte |
| 1:37 | Ghoul |
| 1:38 | Ghoul |
| 1:47 | Ziggurat |
| 1:56 | Graveyard |
| 2:06 | Ghoul |
| 2:14 | Ghoul |
| 2:40 | Death Coil |
| 2:42 | Ghoul |
| 2:44 | Ghoul |
| 3:37 | Crypt Fiend |
| 3:37 | Crypt Fiend |
| 3:49 | Ziggurat |
| 3:55 | Creature Attack |
| 4:28 | Crypt Fiend |
| 4:44 | Halls of the Dead |
| 5:36 | Unholy Aura |
| 5:51 | Boots of Speed |
| 5:59 | Creature Carapace |
| 6:02 | Crypt Fiend |
| 6:03 | Crypt Fiend |
| 6:10 | Tomb of Relics |
| 7:45 | Black Citadel |
| 7:51 | Slaughterhouse |
| 8:01 | Unholy Strength |
| 8:07 | Web |
| 8:36 | Ziggurat |
| 8:36 | Ziggurat |
| 8:37 | Ziggurat |
| 9:01 | Necropolis |
| 9:36 | Meat Wagon |
| 9:36 | Meat Wagon |
| 10:41 | Black Arrow |
| 10:50 | Improved Unholy Strength |
| 11:16 | Acolyte |
| 11:20 | Acolyte |
| 11:21 | Acolyte |
| 13:04 | Acolyte |
| 13:05 | Acolyte |
| 13:16 | Meat Wagon |
| 13:44 | Temple of the Damned |
| 14:19 | Crypt Fiend |
| 14:20 | Crypt Fiend |
| 17:21 | Acolyte |
| 17:22 | Acolyte |
| 17:22 | Acolyte |
| 17:22 | Acolyte |
| 17:23 | Acolyte |
| 17:36 | Sacrificial Pit |
| 17:46 | Improved Creature Carapace |
| 17:53 | Acolyte |
| 18:06 | Obsidian Statue |
| 18:07 | Obsidian Statue |
| 19:08 | Boneyard |
| 19:18 | Boneyard |
| 20:56 | Frost Wyrm |
| 20:58 | Frost Wyrm |
| 20:58 | Frost Wyrm |
| 21:00 | Frost Wyrm |
| 21:21 | Frost Wyrm |
| 23:23 | Acolyte |
| 23:23 | Acolyte |
| 23:23 | Acolyte |
| 23:24 | Acolyte |
| 23:24 | Acolyte |
| 23:47 | Ziggurat |
| 24:22 | Freezing Breath |
| 26:40 | Meat Wagon |
| 26:41 | Meat Wagon |
| 26:42 | Meat Wagon |
| 28:26 | Frost Wyrm |
| 28:27 | Frost Wyrm |
| Right click | 994 |
| Select | 279 |
| Select group | 185 |
| Assign group | 65 |
| Build/train/purchase | 62 |
| Use ability | 18 |
| Misc. action | 16 |
| Resource trade | 12 |
| Chat | 11 |
| Esc | 1 |

| Acolyte | 2 | 150 | / | 0 |
| Ghoul | 10 | 1200 | / | 0 |
| Crypt Fiend | 6 | 1290 | / | 240 |
| Meat Wagon | 5 | 1150 | / | 250 |
| Gargoyle | 4 | 700 | / | 120 |
| Obsidian Statue | 4 | 800 | / | 140 |
| Abomination | 2 | 480 | / | 140 |
| Frost Wyrm | 2 | 770 | / | 240 |
| Necromancer | 3 | 435 | / | 60 |
| total: | 38 | 6975g | / | 1190w |
| Nerubian Tower | 1 | 100 | / | 20 |
| Ziggurat | 8 | 1200 | / | 400 |
| Crypt | 1 | 200 | / | 50 |
| Altar of Darkness | 1 | 180 | / | 50 |
| Graveyard | 1 | 215 | / | 0 |
| Tomb of Relics | 1 | 130 | / | 30 |
| Slaughterhouse | 1 | 140 | / | 135 |
| Sacrificial Pit | 1 | 75 | / | 150 |
| Temple of the Damned | 1 | 155 | / | 140 |
| Boneyard | 1 | 175 | / | 200 |
| Halls of the Dead | 1 | 320 | / | 210 |
| Black Citadel | 1 | 325 | / | 230 |
| total: | 16 | 2470g | / | 1155w |
| 0:05 | Acolyte |
| 0:07 | Acolyte |
| 0:17 | Ziggurat |
| 0:25 | Crypt |
| 0:45 | Altar of Darkness |
| 1:09 | Nerubian Tower |
| 1:28 | Ghoul |
| 1:28 | Ghoul |
| 1:34 | Ziggurat |
| 1:42 | Ghoul |
| 1:59 | Ghoul |
| 2:34 | Graveyard |
| 2:38 | Ghoul |
| 2:48 | Ziggurat |
| 3:00 | Ghoul |
| 3:02 | Death Coil |
| 3:31 | Ghoul |
| 3:32 | Ghoul |
| 3:48 | Halls of the Dead |
| 4:09 | Cannibalize |
| 4:17 | Crypt Fiend |
| 4:41 | Ghoul |
| 5:03 | Ghoul |
| 5:36 | Crypt Fiend |
| 6:15 | Unholy Aura |
| 6:17 | Crypt Fiend |
| 6:23 | Crypt Fiend |
| 6:30 | Slaughterhouse |
| 6:47 | Ziggurat |
| 7:16 | Crypt Fiend |
| 7:22 | Creature Attack |
| 7:53 | Meat Wagon |
| 8:19 | Meat Wagon |
| 8:29 | Ziggurat |
| 8:40 | Web |
| 9:49 | Meat Wagon |
| 9:54 | Ziggurat |
| 9:56 | Ziggurat |
| 9:59 | Ziggurat |
| 10:07 | Tomb of Relics |
| 10:43 | Gargoyle |
| 11:37 | Obsidian Statue |
| 11:49 | Black Citadel |
| 12:42 | Obsidian Statue |
| 12:45 | Gargoyle |
| 12:59 | Creature Carapace |
| 13:29 | Obsidian Statue |
| 13:43 | Sacrificial Pit |
| 14:09 | Meat Wagon |
| 14:24 | Death Coil |
| 14:53 | Abomination |
| 15:19 | Boneyard |
| 15:35 | Temple of the Damned |
| 16:45 | Frost Wyrm |
| 17:02 | Abomination |
| 17:30 | Gargoyle |
| 17:36 | Obsidian Statue |
| 18:37 | Frost Wyrm |
| 18:39 | Meat Wagon |
| 18:43 | Gargoyle |
| 19:20 | Skeletal Mastery |
| 19:25 | Necromancer |
| 20:26 | Necromancer |
| 20:27 | Necromancer |
| 20:29 | Crypt Fiend |
| Right click | 577 |
| Select group | 248 |
| Select | 186 |
| Misc. action | 66 |
| Build/train/purchase | 57 |
| Use ability | 31 |
| Assign group | 25 |
| Minimap ping | 10 |

| Wisp | 11 | 660 | / | 0 |
| Archer | 5 | 650 | / | 50 |
| Huntress | 6 | 1170 | / | 120 |
| Glaive Thrower | 7 | 1470 | / | 455 |
| Druid of the Claw | 8 | 2040 | / | 640 |
| Chimaera | 3 | 990 | / | 210 |
| total: | 40 | 6980g | / | 1475w |
| Moon Well | 9 | 1620 | / | 360 |
| Altar of Elders | 1 | 180 | / | 50 |
| Ancient of War | 1 | 150 | / | 60 |
| Hunter's Hall | 1 | 210 | / | 100 |
| Ancient of Lore | 1 | 155 | / | 145 |
| Chimaera Roost | 1 | 140 | / | 190 |
| Tree of Ages | 1 | 320 | / | 180 |
| Tree of Eternity | 1 | 330 | / | 200 |
| total: | 14 | 2455g | / | 905w |
| 0:05 | Wisp |
| 0:05 | Wisp |
| 0:08 | Moon Well |
| 0:11 | Altar of Elders |
| 0:29 | Wisp |
| 0:38 | Ancient of War |
| 0:53 | Wisp |
| 1:00 | Wisp |
| 1:17 | Wisp |
| 1:31 | Wisp |
| 1:35 | Moon Well |
| 1:47 | Archer |
| 2:06 | Archer |
| 2:14 | Force of Nature |
| 2:20 | Archer |
| 2:37 | Hunter's Hall |
| 2:57 | Archer |
| 3:09 | Moon Well |
| 3:22 | Archer |
| 3:54 | Tree of Ages |
| 4:12 | Huntress |
| 4:26 | Strength of the Moon |
| 5:03 | Thorns Aura |
| 5:08 | Huntress |
| 5:11 | Moon Armor |
| 5:15 | Huntress |
| 5:43 | Strength of the Wild |
| 5:47 | Huntress |
| 6:06 | Moon Well |
| 6:31 | Ancient of Lore |
| 6:36 | Reinforced Hides |
| 7:34 | Huntress |
| 7:35 | Huntress |
| 7:35 | Moon Glaive |
| 8:05 | Druid of the Claw Adept Training |
| 8:33 | Ultravision |
| 8:40 | Moon Well |
| 9:31 | Vorpal Blades |
| 9:34 | Glaive Thrower |
| 10:06 | Force of Nature |
| 10:10 | Tree of Eternity |
| 10:25 | Druid of the Claw |
| 11:09 | Glaive Thrower |
| 11:13 | Druid of the Claw |
| 11:23 | Moon Well |
| 13:04 | Improved Strength of the Wild |
| 13:09 | Druid of the Claw Master Training |
| 13:11 | Druid of the Claw |
| 14:59 | Mark of the Claw |
| 14:59 | Druid of the Claw |
| 15:00 | Druid of the Claw |
| 15:14 | Wisp |
| 15:14 | Wisp |
| 15:15 | Wisp |
| 15:15 | Wisp |
| 15:51 | Improved Reinforced Hides |
| 16:01 | Glaive Thrower |
| 16:24 | Glaive Thrower |
| 16:24 | Glaive Thrower |
| 16:29 | Druid of the Claw |
| 17:48 | Glaive Thrower |
| 18:13 | Moon Well |
| 18:14 | Moon Well |
| 18:15 | Moon Well |
| 18:17 | Glaive Thrower |
| 18:47 | Chimaera Roost |
| 19:31 | Druid of the Claw |
| 19:31 | Druid of the Claw |
| 21:10 | Chimaera |
| 21:11 | Chimaera |
| 21:12 | Chimaera |
| 21:28 | Advanced Strength of the Wild |
| 21:28 | Advanced Reinforced Hides |
| 23:25 | Corrosive Breath |
| Right click | 927 |
| Select | 362 |
| Chat | 102 |
| Build/train/purchase | 88 |
| Misc. action | 69 |
| Use ability | 13 |
| Minimap ping | 1 |
⇛